cohdb
Replays
Latest Replays
All Replays
Popular Replays
Top Player Replays
Match Explorer
How It Works
Community
CoH3 Stats
Reddit
Sign in to upload your games and track your stats! →
Sign in with Steam
Match 40868696
Unlisted
Match 40868696
Overview
Messages
Build Orders
End
Construct Section Command Post
Selects Heavy Armor Battlegroup
Dingo Light Scout Car
Vickers Machine Gun Team
ML 3-inch Mortar Team
ML 3-inch Mortar Team
Construct Platoon Command Post
Vickers Machine Gun Team
6-pounder Anti-tank Gun Team
CMP 15cwt Truck
Selects Engineer Detachments
Selects Light Vehicle Withdraw and Refit
Royal Engineer Section
6-pounder Anti-tank Gun Team
Selects Radio Net
Construct Company Command Post
Team Weapon Training
Crusader II Medium Tank
Crusader II Medium Tank
Selects Recon Artillery
Royal Engineer Section
Crusader II Medium Tank
Crusader II Medium Tank
Selects Forward Repair Assembly
Radio Net
Recon Artillery
Radio Net
Selects Churchill Black Prince Heavy Tank
Churchill Black Prince Heavy Tank
Crusader II Medium Tank
Recon Artillery
Crusader II Medium Tank
Recon Artillery
Crusader II Medium Tank
Recon Artillery
Crusader II Medium Tank
洛洛
EpikSkillz
brilinta
Alika-v
Roamin
yapster
HIMYNAMEISHO
Squigergy
0
0
Comments
sign in to comment!
No comments posted yet!